 Dungeon Sprint DCSS version 0.28.0-53-g5a82cb258f (webtiles) character file.

Game seed: 7457405574670761647

121 Zeld the Thaumaturge (level 4, 0/24 HPs)
             Began as a Deep Elf Conjurer on June 7, 2022.
             Was a Believer of Sif Muna.
             Killed from afar by Ijyb (11 damage)
             ... with a puff of flame
             ... in the Dungeon (Sprint VII: "The Pits").
             The game lasted 00:00:45 (581 turns).

Zeld the Thaumaturge (Deep Elf Conjurer)             Turns: 581, Time: 00:00:46

Health: 0/24       AC:  2    Str:  4    XL:     4   Next: 76%
Magic:  12/16      EV: 12    Int: 25    God:    Sif Muna [**....]
Gold:   0          SH:  0    Dex: 13    Spells: 9/20 levels left

rFire   . . .      SeeInvis .   (no weapon)
rCold   . . .      Faith    .   (no shield)
rNeg    . . .      Spirit   .   a - +0 robe
rPois   .          Reflect  .   (no helmet)
rElec   .          Harm     .   (no cloak)
rCorr   .          Rampage  .   (no gloves)
Will    .....      NoTele   +   (no boots)
Stlth   ++........              (no amulet)
HPRegen 0.08/turn               (no ring)
MPRegen 0.15/turn               (no ring)

@: no status effects
A: no striking features
a: Renounce Religion, Channel Magic


You were in the Dungeon.
You worshipped Sif Muna.
Sif Muna was pleased with you.
You visited 1 branch

Inventory:

Armour
 a - a +0 robe (worn)
Scrolls
 g - a scroll of blinking
 i - 5 scrolls of amnesia
 j - a scroll of summoning
Potions
 b - a potion of curing
 c - a potion of heal wounds
 d - a potion of haste
 e - 4 potions of magic
 f - 3 potions of berserk rage
 h - 2 potions of invisibility


   Skills:
 + Level 2.6 Dodging
 - Level 2.4 Stealth
 + Level 8.7 Spellcasting
 + Level 8.3 Conjurations
 - Level 2.0 Hexes
 - Level 2.0 Translocations
 * Level 1.0 Invocations


You had 9 spell levels left.
You knew the following spells:

 Your Spells              Type           Power      Damage    Failure   Level
a - Magic Dart            Conj           100%       1d8       1%          1
b - Searing Ray           Conj           100%       2d8       1%          2
c - Fulminant Prism       Conj/Hex       18%        3d11      7%          4
d - Iskenderun's Mystic   Conj/Tloc      36%        2d9       7%          4

Your spell library contained the following spells:

 Spells                   Type           Power      Damage    Failure   Level
 Dazzling Flash           Conj/Hex       72%        N/A       1%          3


Dungeon Overview and Level Annotations

Branches:
Dungeon (1/1)

Altars:
Ashenzari
Cheibriados
Dithmenos
Elyvilon
Fedhas
Gozag
Hepliaklqana
Kikubaaqudgha
Makhleb
Nemelex Xobeh
Okawaru
Qazlal
Ru
Sif Muna
Trog
Uskayaw
Vehumet
Wu Jian
Xom
Yredelemnul
Zin
The Shining One
Beogh
Jiyva
Lugonu

Annotations:
D Ijyb


Message History

The searing ray hits the ufetubus.
The ufetubus is almost dead.
The ufetubus closely misses you. The ufetubus hits you.
The searing ray hits the ufetubus.
You kill the ufetubus!
Sif Muna accepts your kill.
Your Invocations skill increases to level 1!
You finish channelling your searing ray.
You start resting.
HP restored.
You start resting.
Magic restored.
There is an open door here.
Things that are here:
a +0 dagger; a kobold corpse You start waiting.
You open the door.
Ijyb the Twisted Goblin comes into view.
She is wielding a +0 dagger and carrying a wand of flame (11).
Casting: Searing Ray (safe; 1% risk of failure)
Confirm with . or Enter, or press ? or * to list all spells.
Aiming: Searing Ray (safe; 1% risk of failure)
Press: ? - help, Shift-Dir - straight line, f - Ijyb
Aim: Ijyb, wielding a +0 dagger, wearing a +0 leather armour and carrying a wand of flame (11) (asleep, 100% to hit)
The searing ray hits Ijyb.
Ijyb is lightly wounded.
Ijyb shouts! (Press . to maintain the ray.)
A giant cockroach comes into view.
Ijyb zaps a wand.
The puff of flame hits you!
Ouch! That really hurt!
The searing ray hits Ijyb!
Ijyb is heavily wounded.
The searing ray hits the giant cockroach!
You kill the giant cockroach!
Sif Muna accepts your kill.
The searing ray hits Ijyb.
Ijyb is severely wounded.
A floating eye comes into view.
A scorpion comes into view.
Ijyb zaps a wand.
The puff of flame hits you!
You die...

#_________.#
#_______...##########
##########'##........
#.?(.')))'.##......#.
##########.##........
#...........'........
#+#####'#####......#.
#..#..#†.##........
#.@)..'†.#####'####
##†####+###.......#
..g #.......# #..Gs
#.......# #####+
#...<...# #.......#
#.......# #.......#
#########


You could see Ijyb, a scorpion and a floating eye.

Vanquished Creatures
  A floating eye (D)
  A river rat (D)
  An ufetubus (D)
  A giant cockroach (D)
  A hobgoblin (D)
  A kobold (D)
  A rat (D)
7 creatures vanquished.

Notes
Turn   | Place    | Note
-------+----------+-------------------------------------------
     0 | D        | Zeld the Deep Elf Conjurer began the quest for the Orb.
     0 | D        | Reached XP level 1. HP: 10/10 MP: 6/6
    10 | D        | Noticed a floating eye
    15 | D        | Paralysed by a floating eye for 2 turns
    19 | D        | Paralysed by a floating eye for 3 turns
    23 | D        | Found a bloodstained altar of Trog.
    23 | D        | Found a shimmering blue altar of Sif Muna.
    23 | D        | Found a viscous altar of Jiyva.
    23 | D        | Found a hazy altar of Hepliaklqana.
    23 | D        | Found an opulent altar of Gozag.
    24 | D        | Found a glowing golden altar of the Shining One.
    24 | D        | Found a glowing silver altar of Zin.
    24 | D        | Found a basalt altar of Yredelemnul.
    24 | D        | Found a shimmering altar of Xom.
    24 | D        | Found an ornate altar of the Wu Jian Council.
    24 | D        | Found a sacrificial altar of Ru.
    24 | D        | Found a stormy altar of Qazlal.
    24 | D        | Found an iron altar of Okawaru.
    24 | D        | Found a sparkling altar of Nemelex Xobeh.
    24 | D        | Found a burning altar of Makhleb.
    24 | D        | Found a blossoming altar of Fedhas.
    24 | D        | Found a white marble altar of Elyvilon.
    24 | D        | Found a shadowy altar of Dithmenos.
    24 | D        | Found a snail-covered altar of Cheibriados.
    24 | D        | Paralysed by a floating eye for 3 turns
    27 | D        | Found a radiant altar of Vehumet.
    27 | D        | Found a corrupted altar of Lugonu.
    28 | D        | Found an ancient bone altar of Kikubaaqudgha.
    28 | D        | Found a hide-covered altar of Uskayaw.
    28 | D        | Found a broken altar of Ashenzari.
    29 | D        | Became a worshipper of Sif Muna the Loreminder
    30 | D        | Paralysed by a floating eye for 2 turns
    35 | D        | Paralysed by a floating eye for 2 turns
    37 | D        | Killed a floating eye
    38 | D        | Reached XP level 2. HP: 15/15 MP: 1/13
    38 | D        | Reached XP level 3. HP: 19/19 MP: 1/14
    38 | D        | Reached XP level 4. HP: 24/24 MP: 1/16
    41 | D        | Learned a level 2 spell: Searing Ray
    46 | D        | Learned a level 4 spell: Fulminant Prism
    51 | D        | Learned a level 4 spell: Iskenderun's Mystic Blast
   439 | D        | Reached * piety under Sif Muna
   534 | D        | Reached ** piety under Sif Muna
   535 | D        | Reached skill level 1 in Invocations
   578 | D        | Noticed Ijyb
   581 | D        | Noticed a floating eye
   581 | D        | Noticed a scorpion
   581 | D        | Killed from afar by Ijyb

Illustrated notes

Levels and vault maps discovered:
D:        pitsprint [storerooms_1, entrance_room_1, metal_vault_6, armoury_2,
          mini_pit_1, grid_room_1, main_hall_1, silver_pit, the_coven_2,
          the_vestibule_1, steel_vault_3, golden_pit, hallway_of_sentries,
          crystal_vault_3, iron_vault_2, final_vault]

Skill      XL: |  1  2  3  4 |
---------------+-------------+-----
Spellcasting   | 8 |  8.7
Conjurations   | 8 |  8.3
Hexes          | 2 |  2.0
Translocations | 2 |  2.0
Invocations    | 1 |  1.0
Dodging        | |  2.6
Stealth        | |  2.4

Action                   |  1- 3 |  4- 6 || total
-------------------------+-------+-------++-------
Melee: Unarmed           |     1 |       ||     1
 Cast: Magic Dart        |     5 |       ||     5
       Searing Ray       |       |     5 ||     5
Dodge: Dodged            |       |     1 ||     1
